 Dungeon Crawl Stone Soup version 0.28.0-1-gb440e238dd (webtiles) character file.

Game seed: 227433659790789530

9105 Ijustatesigmund the Fighter (level 11, -16/78 HPs)
             Began as an Octopode Fighter on Feb 24, 2022.
             Was a Believer of Cheibriados.
             Killed from afar by Erica (33 damage)
             ... with a bolt of poison
             ... on level 10 of the Dungeon.
             The game lasted 00:27:52 (16194 turns).

Ijustatesigmund the Fighter (Octopode Fighter)     Turns: 16194, Time: 00:27:54

Health: -16/78     AC:  1    Str: 22    XL:     11   Next: 41%
Magic:  13/16      EV: 14    Int: 17    God:    Cheibriados [**....]
Gold:   416        SH:  9    Dex: 11    Spells: 8/10 levels left

rFire   + + .      SeeInvis +   a - +4 war axe (venom)
rCold   . . .      Faith    .   b - +0 kite shield
rNeg    + . .      Spirit   .   (helmet restricted)
rPois   .          Reflect  .   u - amulet of regeneration
rElec   .          Harm     .   r - ring "Zont" {rF++ rN+ rCorr Dex-4 SInv}
rCorr   +          Rampage  .   t - ring of willpower
Will    +....                   (no ring)
Stlth   ++........              (no ring)
HPRegen 1.03/turn               (no ring)
MPRegen 0.15/turn               (no ring)
                                (no ring)
                                (no ring)

@: lethally poisoned (-16 -> -19), very slow
A: almost no armour, amphibious, 8 rings, camouflage 1, gelatinous body 1,
(nimble swimmer 1), tentacles
a: Renounce Religion, Bend Time


You were on level 10 of the Dungeon.
You worshipped Cheibriados.
Cheibriados was pleased with you.
You visited 2 branches of the dungeon, and saw 11 of its levels.
You also visited: Sewer and Ossuary.

You collected 464 gold pieces.
You spent 48 gold pieces at shops.

Inventory:

Hand Weapons
 a - a +4 war axe of venom (weapon)
Missiles
 e - 12 poisoned darts (quivered)
 z - 9 javelins
Armour
 b - a +0 kite shield (worn)
Jewellery
 d - an amulet of magic regeneration
 o - a ring of fire
 r - the ring "Zont" (left tentacle) {rF++ rN+ rCorr Dex-4 SInv}
   (You found it on level 4 of the Dungeon)

   [ring of positive energy]

   Dex:       It affects your dexterity (-4).
   rF:        It greatly protects you from fire.
   rN:        It protects you from negative energy.
   SInv:      It lets you see invisible.
   rCorr:     It protects you from acid and corrosion.
 t - a ring of willpower (right tentacle)
 u - an amulet of regeneration (around mantle)
Wands
 v - a wand of acid (2)
 w - a wand of iceblast (15)
Scrolls
 c - a scroll of blinking
 i - a scroll of silence
 k - 2 scrolls of teleportation
 m - a scroll of fear
 x - a scroll of immolation
 y - 2 scrolls of magic mapping
 C - a scroll of fog
Potions
 f - 5 potions of curing
 g - 3 potions of magic
 h - 2 potions of haste
 j - a potion of invisibility
 l - 2 potions of brilliance
 n - 3 potions of berserk rage
 p - 3 potions of flight
 q - 5 potions of lignification
 s - a potion of resistance
 A - 3 potions of attraction
 B - a potion of mutation {unknown}


   Skills:
 + Level 8.5 Fighting
 + Level 8.1 Axes
 - Level 7.4 Dodging
 + Level 6.5 Shields
 - Level 7.1 Translocations
 + Level 7.4 Invocations
 - Level 2.3 Evocations


You had 8 spell levels left.
You knew the following spells:

 Your Spells              Type           Power      Damage    Failure   Level
a - Blink                 Tloc           48%        N/A       4%          2

Your spell library contained the following spells:

 Spells                   Type           Power      Damage    Failure   Level
 Lesser Beckoning         Tloc           24%        N/A       10%         3
 Manifold Assault         Tloc           24%        N/A       65%         5
 Yara's Violent Unravell  Hex/Tmut       0%         3d3       100%        5
 Simulacrum               Ice/Necr       0%         N/A       100%        6
 Statue Form              Tmut/Erth      0%         N/A       100%        6


Dungeon Overview and Level Annotations

Branches:
Dungeon (10/15)            Temple (1/1) D:7            Lair (0/6) D:10
  Sewer (visited)         Ossuary (visited)
    Orc: D:9-12

Altars:
Ashenzari
Cheibriados
Dithmenos
Elyvilon
Fedhas
Gozag
Hepliaklqana
Kikubaaqudgha
Makhleb
Nemelex Xobeh
Okawaru
Qazlal
Ru
Sif Muna
Trog
Uskayaw
Vehumet
Wu Jian
Xom
Yredelemnul
Zin
The Shining One

Shops:
D:10 *

Annotations:
D:9 ikke her!
D:10 Erica


Innate Abilities, Weirdness & Mutations

You cannot wear most types of armour.
You are amphibious.
You can wear up to eight rings at the same time.
Your skin changes colour to match your surroundings (Stealth+).
Your rubbery body absorbs attacks. (AC +1, EV +1)
((You are camouflaged when in or above water. (Stealth+)))
You have tentacles for arms and can constrict up to eight enemies at once.


Message History

Erica flickers and vanishes for a moment.
Erica hits you with a +1 scimitar of flaming!
Erica burns you.
You closely miss Erica. You grab Erica. You constrict Erica.
Erica gestures at you while chanting. The lance of force hits you!!
You lose your grip on Erica.
You are knocked back by the lance of force.
You are too injured to fight recklessly!
You are too injured to fight recklessly!
You are too injured to fight recklessly!
You are too injured to fight recklessly!
You are too injured to fight recklessly!
Aiming: Iceblast
Press: ? - help, Shift-Dir - straight line, f - Erica
Aim: Erica, wielding a +1 scimitar of flaming and wearing a +2 robe of cold resistance (lightly wounded, slightly transparent)
The mass of ice explodes!
The iceblast engulfs Erica!
Erica partially resists.
Erica is moderately wounded.
Aiming: Iceblast
Press: ? - help, Shift-Dir - straight line, f/p - Erica
Aim: Erica, wielding a +1 scimitar of flaming and wearing a +2 robe of cold resistance (moderately wounded, slightly transparent)
The mass of ice explodes!
The iceblast engulfs Erica!
Erica partially resists.
Erica is moderately wounded.
You hear an angry growl.
The flow of time bends around you.
Erica screams, "Coming here was suicide!
For you!"
You slash Erica! You grab Erica.
Erica is heavily wounded.
You constrict Erica.
Erica hits you with a +1 scimitar of flaming!
* * * LOW HITPOINT WARNING * * *
Erica burns you.
* * * LOW HITPOINT WARNING * * *
You slash Erica! You squeeze Erica.
Erica is almost dead.
You constrict Erica.
Erica screams, "Do you want it fast or slow?!"
Erica gestures at you while chanting. The bolt of poison hits you!!
You are poisoned.
You die...

#####....###'##.....#
..............#.....#
..............#.....#
..............###'###
....###'##....#.....#
....#.........#.....#
....#.........#.....#
....#.........#.....#
#####.........#.@...#
....#....#....#.@...#
....#....#....#.....#
....#...............#
....# #..........#
....# ...........#
....# #####......#
....# .......# ....#
........#


You could see Erica (invisible).

Vanquished Creatures
  2 two-headed ogres (D:8)
  A manticore (D:8)
  2 shadows (D:10)
  A wraith (D:8)
  Eustachio (D:4)
  2 wyverns
  19 yaks
  3 steam dragons
  2 water moccasins
  3 orc warriors
  An acid dragon (D:10)
  2 sky beasts
  A black bear (D:10)
  A necrophage (D:7)
  2 ogres (D:6)
  3 centaurs
  4 kobold brigands
  An elf zombie (Ossuary)
  3 bullfrogs
  3 scorpions
  A water moccasin skeleton (D:6)
  3 wights (D:8)
  2 electric eels (D:8)
  4 howler monkeys
  A centaur zombie (Ossuary)
  2 bullfrog zombies
  A human zombie (Ossuary)
  A gnoll shaman (D:9)
  A jelly (D:8)
  3 orc priests
  6 hounds
  An iguana (D:6)
  5 orc wizards
  A hound skeleton (D:4)
  3 mummies
  A howler monkey zombie (D:10)
  Robin (D:4)
  6 gnolls
  A howler monkey skeleton (D:7)
  9 adders
  6 river rats
  A white imp (D:5)
  2 ufetubi
  An adder zombie (Ossuary)
  An adder skeleton (D:4)
  3 worms
  6 dart slugs
  21 orcs
  16 ball pythons
  6 endoplasms
  4 giant cockroaches
  17 goblins
  12 hobgoblins
  3 jackals (Sewer)
  3 quokkas
  5 bats
  5 frilled lizards
  3 goblin zombies (Ossuary)
  11 hobgoblin zombies (Ossuary)
  A jackal zombie (Ossuary)
  14 kobolds
  10 kobold zombies (Ossuary)
  6 orc zombies (Ossuary)
  13 rats
  2 rat zombies (Ossuary)
282 creatures vanquished.

Vanquished Creatures (others)
  32 fungi
  45 plants
77 creatures vanquished.

Grand Total: 359 creatures vanquished

Notes
Turn   | Place    | Note
-------+----------+-------------------------------------------
     0 | D:1      | Ijustatesigmund the Octopode Fighter began the quest for
                  | the Orb.
     0 | D:1      | Reached XP level 1. HP: 16/16 MP: 1/1
   221 | D:1      | Reached XP level 2. HP: 20/21 MP: 2/2
   221 | D:1      | You fall into a shaft and drop 1 floor!
   619 | D:2      | Reached XP level 3. HP: 26/26 MP: 3/3
   622 | D:2      | Found a faded altar of an unknown god.
  1450 | D:2      | Learned a level 2 spell: Blink
  1890 | D:2      | Reached XP level 4. HP: 28/31 MP: 4/4
  2986 | D:3      | Reached skill level 1 in Translocations
  2986 | D:3      | Reached XP level 5. HP: 33/37 MP: 5/5
  2989 | D:3      | Found a glowing drain.
  3002 | Sewer    | Entered a sewer
  3191 | Sewer    | Noticed a kobold brigand
  3200 | Sewer    | Killed a kobold brigand
  3653 | Sewer    | Reached XP level 6. HP: 43/43 MP: 6/6
  4997 | D:4      | Reached XP level 7. HP: 47/49 MP: 7/7
  5217 | D:4      | Noticed Eustachio
  5236 | D:4      | Killed Eustachio
  5256 | D:4      | Found a sand-covered staircase.
  5264 | Ossuary  | Entered an ossuary
  5450 | Ossuary  | Reached skill level 5 in Fighting
  5452 | Ossuary  | Reached skill level 5 in Shields
  5708 | Ossuary  | Reached skill level 5 in Dodging
  5738 | Ossuary  | Reached XP level 8. HP: 28/55 MP: 8/8
  6221 | D:4      | Noticed Robin
  6225 | D:4      | Killed Robin
  6606 | D:4      | Identified the ring "Zont" {rF++ rN+ rCorr Dex-4 SInv}
  6791 | D:5      | Entered Level 5 of the Dungeon
  7031 | D:5      | Reached skill level 1 in Evocations
  7093 | D:5      | Noticed a yak
  7093 | D:5      | Noticed a yak
  7093 | D:5      | Noticed a yak
  7093 | D:5      | Noticed a yak
  7093 | D:5      | Noticed a yak
  7093 | D:5      | Noticed a yak
  7249 | D:5      | Killed a yak
  7250 | D:5      | Reached skill level 5 in Axes
  7340 | D:5      | Killed a yak
  7759 | D:5      | Killed a yak
  7770 | D:5      | Killed a yak
  7771 | D:5      | Reached XP level 9. HP: 51/62 MP: 9/9
  8883 | D:6      | Found a basalt altar of Yredelemnul.
  8883 | D:6      | Found a stormy altar of Qazlal.
  9047 | D:6      | Found a shadowy altar of Dithmenos.
  9051 | D:6      | Found an ornate altar of the Wu Jian Council.
  9051 | D:6      | Found a radiant altar of Vehumet.
 10008 | D:7      | Found a white marble altar of Elyvilon.
 10306 | D:7      | Got the Incunabulum of Lethal Changing
 10379 | D:7      | Found an iron altar of Okawaru.
 10452 | D:7      | Found a staircase to the Ecumenical Temple.
 10458 | Temple   | Entered the Ecumenical Temple
 10552 | Temple   | Became a worshipper of Cheibriados the Contemplative
 10878 | D:8      | Noticed a manticore
 10895 | D:8      | HP: 1/64 [manticore (9)]
 10896 | D:8      | Killed a manticore
 10897 | D:8      | Reached skill level 1 in Invocations
 10897 | D:8      | Reached XP level 10. HP: 1/72 MP: 9/11
 11594 | D:8      | Noticed a two-headed ogre
 11603 | D:8      | Killed a two-headed ogre
 12498 | D:8      | Reached * piety under Cheibriados
 12938 | D:8      | Reached skill level 5 in Translocations
 13090 | D:9      | Noticed a two-headed ogre
 13090 | D:9      | Found a shimmering altar of Xom.
 13090 | D:9      | Found a shimmering blue altar of Sif Muna.
 13106 | D:8      | Killed a two-headed ogre
 13107 | D:8      | Reached skill level 5 in Invocations
 13492 | D:9      | Found a burning altar of Makhleb.
 13815 | D:9      | Reached XP level 11. HP: 18/77 MP: 15/15
 14133 | D:9      | Found a blossoming altar of Fedhas.
 14631 | D:10     | Entered Level 10 of the Dungeon
 14691 | D:10     | Noticed a two-headed ogre
 15231 | D:10     | Found a sacrificial altar of Ru.
 15324 | D:10     | Found a staircase to the Lair.
 15328 | D:10     | Reached ** piety under Cheibriados
 15445 | D:10     | Found Jababb's General Store.
 15453 | D:10     | Bought a scroll of identify for 24 gold pieces
 15453 | D:10     | Bought a scroll of fog for 24 gold pieces
 16185 | D:10     | Noticed Erica
 16194 | D:10     | Killed from afar by Erica

Illustrated notes

Levels and vault maps discovered:
D:1:      co_arrival_random_square_maze, layout_basic
D:2:      layout_basic, nicolae_ecumenical_pavilion, kennysheep_pointless_box
D:3:      minmay_recursive_quarters, layout_basic, gup_sewer_entry_bubbles,
          chequers_avenue
D:4:      layout_loops_ring, gup_ossuary_entry_pyramid, uniq_robin,
          uniq_eustachio
D:5:      layout_basic
D:6:      layout_rooms, grunt_temple_overflow_open
D:7:      layout_rooms, okawaru_altar_gauntlet_db, elyvilon_altar_5,
          minmay_temple_entry_fiery
D:8:      layout_basic, water_boxes_lemuel
D:9:      layout_basic, fedhas_ov_isle_minmay, bloody_makhleb,
          chequers_temple_overflow_statue_of_worship
D:10:     layout_grid_maze, hangedman_ru_absence, due_lair_maze_entry_diamond,
          serial_shops, nicolae_shop_advertising_works
          [nicolae_subvault_shop_adworks], nicolae_fountain_basement, uniq_erica
Temple:   compressed_dpeg_circular_temple

Skill      XL: |  1  2  3  4  5  6  7  8  9 10 11 |
---------------+----------------------------------+-----
Translocations | 1 2 3 4 6 7 |  7.1
Axes           | 3 4 5 7 8 |  8.1
Fighting       | 4 5 6 7 8 |  8.5
Shields        | 4 5 6 |  6.5
Dodging        | 4 5 6 7 |  7.4
Evocations     | 2 |  2.3
Invocations    | 1 6 7 |  7.4

Action                   |  1- 3 |  4- 6 |  7- 9 | 10-12 || total
-------------------------+-------+-------+-------+-------++-------
Melee: War axe           |    54 |   129 |   223 |   181 ||   587
       Constrict         |    16 |    32 |    55 |    28 ||   131
       Tentacles         |    11 |    24 |    53 |    44 ||   132
       Punch             |     1 |     1 |     8 |     3 ||    13
Throw: Dart              |       |       |    31 |     9 ||    40
 Cast: Blink             |       |       |       |     2 ||     2
Invok: Bend Time         |       |       |       |     2 ||     2
Evoke: Wand              |       |     2 |     1 |    18 ||    21
  Use: Scroll            |     3 |    11 |     8 |    11 ||    33
       Potion            |       |       |     2 |     3 ||     5
 Stab: Sleeping          |     4 |    10 |     5 |     2 ||    21
       Distracted        |       |     2 |       |       ||     2
Armor: Skin              |     7 |    11 |     6 |     6 ||    30
Dodge: Dodged            |    36 |    71 |   123 |    86 ||   316
Block: Buckler           |     4 |    29 |    47 |       ||    80
       Kite shield       |       |       |     8 |    88 ||    96
